 Dungeon Crawl Stone Soup version 0.19-a0-1792-g28b16ba (webtiles) character file.

88090 scalarboson the Severer (level 15, -4/142 HPs)
             Began as a Deep Dwarf Fighter on Oct 4, 2016.
             Was a High Priest of Okawaru.
             Slain by a lindwurm (6 damage)
             ... summoned by Kirke
             ... on level 1 of the Swamp.
             The game lasted 01:38:21 (21199 turns).

scalarboson the Severer (Deep Dwarf Fighter)       Turns: 21199, Time: 01:38:21

Health: -4/142     AC:  0    Str: 28    XL:     15   Next: 45%
Magic:  10/10      EV: 13    Int:  7    God:    Okawaru [*****.]
Gold:   1241       SH:  0    Dex: 12    Spells: 0 memorised, 14 levels left

rFire  . . .     SeeInvis .     (weapon currently unavailable)
rCold  . . .     Gourm    .     (armour currently unavailable)
rNeg   + . .     Faith    .     (shield currently unavailable)
rPois  .         Spirit   .     (helmet currently unavailable)
rElec  .         Dismiss  .     (cloak currently unavailable)
rCorr  .         Reflect  .     (gloves currently unavailable)
MR     ++...     Harm     .     (boots currently unavailable)
Stlth  ++........               (no amulet)
                                (ring currently unavailable)
                                (ring currently unavailable)

@: pig-form, non-regenerating, very quick
A: damage resistance, recharge devices, (antennae 0), (fangs 0), dopey 1,
negative energy resistance 1, sense surroundings 2, slow regeneration 3, strong
1
a: Device Recharging, Heroism, Finesse, Renounce Religion


You were on level 1 of the Swamp.
You worshipped Okawaru.
Okawaru was extremely pleased with you.
You were not hungry.
You were a filthy swine.
You visited 4 branches of the dungeon, and saw 23 of its levels.
You visited 1 bazaar.
You also visited: Labyrinth.

You collected 1969 gold pieces.
You spent 728 gold pieces at shops.

Inventory:

Hand Weapons
 T - the +2 war axe of Defiance (melded) {speed, rN+ Dex+6}
   (Okawaru gifted it to you on level 3 of the Lair of Beasts)

   Attacks with this weapon are significantly faster.
   It affects your dexterity (+6).
   It protects you from negative energy.
Missiles
 v - 4 javelins of returning (quivered)
Armour
 b - a +2 pair of boots (melded)
 c - a +1 shield (melded)
 B - the +0 shadow dragon armour "Uleneti" (melded) {MR+ Stlth++++}
   (Okawaru gifted it to you on level 9 of the Dungeon)

   It affects your resistance to hostile enchantments.
   It makes you much more stealthy.
 D - a +0 cloak (melded)
 E - the +0 pair of gloves of Resilience (melded) {Regen+ Dex+6}
   (Okawaru gifted it to you on level 14 of the Dungeon)

   It affects your dexterity (+6).
   It increases your rate of regeneration.
 K - a +2 hat (melded)
Jewellery
 x - a +1 ring of protection (melded)
 C - a ring of resist corrosion (melded)
Wands
 d - a wand of flame (12/48)
 e - a wand of heal wounds (2/9)
 h - a wand of iceblast (4/15)
 j - a wand of digging (11/24)
 k - a wand of enslavement (9/24)
 q - a wand of acid (7/15)
 A - a wand of slowing (21/48)
 F - a wand of digging (14/24)
 G - a wand of teleportation (4/9)
 M - a wand of flame (24/48)
 P - a wand of paralysis (10/24)
 U - a wand of slowing (31/48)
 V - a wand of digging (9/24)
 W - a wand of slowing (32/48)
Scrolls
 i - 4 scrolls of fear
 m - 6 scrolls of identify
 o - 7 scrolls of teleportation
 p - 4 scrolls of blinking
 s - a scroll of recharging
 u - 3 scrolls of fog
 y - 2 scrolls of remove curse
 H - 3 scrolls of silence
 N - a scroll of magic mapping
 R - 2 scrolls of amnesia
Potions
 a - 3 potions of flight
 t - 4 potions of brilliance
 w - 3 potions of berserk rage
 z - 4 potions of cancellation
 O - 3 potions of might
 S - 2 potions of curing
Books
 f - a book of Power

   Spells                             Type                      Level
   a - Fulminant Prism                Conjuration/Hexes            4
   b - Iskenderun's Mystic Blast      Conjuration                  4
   c - Venom Bolt                     Conjuration/Poison           5
   d - Bolt of Magma                  Conjuration/Fire/Earth       5
   e - Iron Shot                      Conjuration/Earth            6
   f - Orb of Destruction             Conjuration                  7
   g - Spellforged Servitor           Conjuration/Summoning        7
 L - a book of Geomancy

   Spells                             Type                      Level
   a - Sandblast                      Earth                        1
   b - Passwall                       Transmutation/Earth          2
   c - Stone Arrow                    Conjuration/Earth            3
   d - Petrify                        Transmutation/Earth          4
   e - Lee's Rapid Deconstruction     Earth                        5
Comestibles
 l - 17 fruits
 n - 11 royal jellies
 r - 3 beef jerkies
 I - 7 meat rations


   Skills:
 + Level 11.4 Fighting
 + Level 15.6 Axes
 + Level 12.6 Armour
 - Level 0.2 Dodging
 - Level 7.1 Stealth
 + Level 15.0 Shields
 - Level 11.4 Invocations


You had 14 spell levels left.
You didn't know any spells.

Dungeon Overview and Level Annotations

Branches:
Dungeon (15/15)            Temple (0/1) D:6            Lair (5/6) D:9
  Swamp (1/4) Lair:4       Spider (0/4) Lair:3        Slime (0/5) Lair:5
    Orc (2/2) D:11            Elf (0/3) Orc:2        Vaults (0/5) D:13
 Depths (0/5) D:15

Altars:
Ashenzari
Cheibriados
Dithmenos
Elyvilon
Hepliaklqana
Kikubaaqudgha
Makhleb
Nemelex Xobeh
Okawaru
Qazlal
Ru
Trog
Uskayaw
Yredelemnul
The Shining One
Beogh
Jiyva

Shops:
D:6 }   D:9 %?*   D:10 [:   Orc:2 !:%[

Portals:
Pandemonium: Orc:2

Annotations:
D:9 exclusion: obsidian statue
Swamp:1 Kirke


Innate Abilities, Weirdness & Mutations

You are resistant to damage.
You can recharge devices by infusing magical energy.
You resist negative energy. (rN+)
You passively map the area around you.
You do not regenerate.
((You have a pair of small antennae on your head.))
((You have very sharp teeth.))
You are dopey. (Int -2)
Your muscles are strong. (Str +2)


Message History

* * * LOW HITPOINT WARNING * * *
You are too injured to fight recklessly!
Unknown command.
You are too injured to fight recklessly!
You are too injured to fight recklessly!
Unknown command.
You are too injured to fight recklessly!
You are engulfed in a cloud of scalding steam.
The lindwurm is engulfed in a cloud of scalding steam.
Things that are here:
a hog corpse x2
The lindwurm breathes flames at you. The blast of flame hits you!
* * * LOW HITPOINT WARNING * * *
Unknown command.
You have no means to grasp a wand firmly enough.
Unknown command.
Unknown command.
The lindwurm bites you!
You die...

≈.≈≈≈.§≈≈.≈≈≈≈.≈≈♣♣≈.♣≈≈≈≈
*
,≈.≈≈≈.≈≈≈..≈≈≈≈♣≈§≈≈≈≈≈.≈≈
♣.....§≈≈≈...≈...≈.≈.≈≈≈≈≈
≈
....≈§.≈≈≈≈§≈≈≈≈.≈≈....≈≈≈
, ≈ ,
≈≈........≈≈≈.≈≈≈≈≈♣≈≈≈≈≈≈
≈ ≈≈≈≈.♣.♣≈≈≈≈≈≈≈≈≈≈♣.♣♣≈≈♣
,.≈.≈.....≈≈≈≈≈≈..♣≈≈..♣.≈≈
,**♣♣..≈≈≈≈.≈≈♣≈.♣≈≈≈
.....≈ ♣♣.≈≈≈§.h†.≈.≈≈≈♣
.≈≈≈≈≈ ≈ * ♣..≈≈§§§k...§≈≈≈
.≈≈.≈♣ ≈, ♣♣.≈≈≈≈{§.♣≈≈≈≈.
≈≈.≈≈≈ ♣.≈♣≈≈≈.≈≈≈≈≈.≈
,≈..≈≈≈
♣≈≈≈≈..>♣≈§≈.≈≈≈....≈≈≈
♣.≈≈≈.≈..........≈≈≈..≈
♣≈≈...≈≈♣≈.≈≈.≈≈..≈≈≈≈.
*♣.≈.♣..≈♣≈.≈≈.≈≈≈≈.♣§≈.
*.≈≈≈♣♣..≈ ....≈♣≈≈.≈♣..


You could see a lindwurm.

Vanquished Creatures
  Rupert (Orc:2)
  An orc warlord (Orc:1)
  Snorg (D:13)
  A minotaur (Lab)
  A minotaur (shapeshifter) (D:15)
  Josephine (D:15)
  A vault guard (D:13)
  3 hydras
  The ghost of jujuben the Carver, a journeyman HOFi of Makhleb (D:9)
  A rakshasa (D:15)
  Erolcha (Orc:2)
  4 centaur warriors
  A tengu warrior (D:15)
  A death yak (D:9)
  8 orc high priests (Orc:2)
  Urug (D:12)
  A soul eater (Orc:2)
  4 skeletal warriors (D:14)
  2 unseen horrors
  2 hill giants
  2 gelid demonspawn (Orc:2)
  A lindwurm (shapeshifter) (D:15)
  4 orc knights (Orc:2)
  An oklob plant (Lair:3)
  2 manticores
  14 ugly things
  3 deep elf magi
  4 orc sorcerers (Orc:2)
  3 cyclopes
  A centaur zombie (D:12)
  3 black mambas
  9 elephants
  2 smoke demons (Orc:2)
  6 komodo dragons
  An orange demon (Orc:2)
  2 efreet
  5 spiny frogs
  3 kobold demonologists
  2 rime drakes (Lair:5)
  3 red devils (Orc:2)
  A jumping spider (shapeshifter) (D:14)
  A harpy zombie (D:15)
  A queen bee (Lair:3)
  10 trolls
  12 blink frogs
  5 jumping spiders (Lair:3)
  9 slime creatures
  A blink frog (shapeshifter) (D:15)
  A two-headed ogre (D:11)
  A hornet (Swamp:1)
  5 dream sheep (Lair:5)
  2 shadows (D:14)
  A spriggan (D:7)
  11 hippogriffs
  A redback (Lair:3)
  A vampire (D:13)
  12 wyverns
  4 wraiths
  28 yaks
  6 hogs (Swamp:1)
  11 basilisks
  2 hungry ghosts
  A mottled dragon (D:15)
  A mottled dragon (shapeshifter) (D:15)
  3 wargs
  8 water moccasins
  A swamp drake (Swamp:1)
  A floating eye (shapeshifter) (D:15)
  35 orc warriors
  5 ice beasts
  5 porcupines
  3 phantoms (D:10)
  2 sky beasts
  An eye of draining (D:10)
  5 boggarts (D:15)
  11 ogres
  7 centaurs
  6 wolves
  4 big kobolds
  11 crocodiles
  2 gnoll sergeants
  13 bullfrogs
  A wyvern skeleton (D:8)
  31 killer bees
  2 scorpions
  4 wights
  3 vampire bats (Lair:5)
  3 spriggan skeletons (Lab)
  5 electric eels
  A howler monkey (D:7)
  7 crimson imps
  A bullfrog zombie (D:8)
  A quasit (D:5)
  11 hounds
  5 jellies
  A gnoll shaman (D:6)
  28 orc priests
  5 centaur skeletons
  11 orc wizards
  A bullfrog skeleton (D:7)
  5 iguanas
  12 worker ants
  A killer bee zombie (D:10)
  2 hound zombies
  2 hound skeletons
  A howler monkey zombie (D:5)
  3 worker ant zombies
  29 gnolls
  17 adders
  21 river rats
  2 shadow imps
  An adder zombie (D:7)
  A worm (D:5)
  2 dart slugs
  9 leopard geckos
  123 orcs
  13 bats
  7 giant cockroaches
  10 goblins
  11 hobgoblins
  9 jackals
  9 quokkas
  2 ball pythons (D:3)
  7 frilled lizards
  15 kobolds
  2 leopard gecko skeletons
  8 rats
  5 fungi (Lair:5)
  A plant (Lair:5)
810 creatures vanquished.

Vanquished Creatures (collateral kills)
  A tengu warrior (D:14)
  A skeletal warrior (D:14)
  A tengu conjurer (D:14)
3 creatures vanquished.

Vanquished Creatures (others)
  An orc wizard (D:3)
  2 fungi (Lair:5)
3 creatures vanquished.

Grand Total: 816 creatures vanquished

Notes
Turn   | Place    | Note
-------+----------+-------------------------------------------
     0 | D:1      | scalarboson the Deep Dwarf Fighter began the quest for the Orb.
     0 | D:1      | Reached XP level 1. HP: 20/20 MP: 1/1
    92 | D:1      | Reached XP level 2. HP: 27/27 MP: 2/2
   621 | D:2      | Reached XP level 3. HP: 31/34 MP: 3/3
   634 | D:2      | Found a hide-covered altar of Uskayaw.
   872 | D:2      | Found an iron altar of Okawaru.
   881 | D:2      | Became a worshipper of Warmaster Okawaru
  1000 | D:2      | Reached XP level 4. HP: 27/42 MP: 4/4
  1083 | D:2      | Found an ancient bone altar of Kikubaaqudgha.
  1306 | D:3      | Found a shattered altar of Ashenzari.
  1350 | D:3      | Reached XP level 5. HP: 48/49 MP: 5/5
  1847 | D:3      | Noticed an ogre
  1856 | D:3      | Killed an ogre
  1856 | D:3      | Reached skill level 5 in Axes
  2020 | D:3      | Reached XP level 6. HP: 38/56 MP: 6/6
  2600 | D:4      | Reached * piety under Okawaru
  2735 | D:4      | Reached skill level 1 in Stealth
  2798 | D:4      | Found a hazy altar of Hepliaklqana.
  2798 | D:4      | Found a burning altar of Makhleb.
  2849 | D:4      | Reached XP level 7. HP: 41/62 MP: 7/7
  3187 | D:4      | Found a snail-covered altar of Cheibriados.
  3187 | D:4      | Found a stormy altar of Qazlal.
  3562 | D:5      | Entered Level 5 of the Dungeon
  3857 | D:5      | Reached skill level 5 in Armour
  4077 | D:5      | Found a bloodstained altar of Trog.
  4202 | D:5      | Reached skill level 5 in Shields
  4264 | D:5      | Reached ** piety under Okawaru
  4376 | D:5      | Found a white marble altar of Elyvilon.
  4440 | D:6      | Reached XP level 8. HP: 41/72 MP: 7/7
  5111 | D:6      | Found Aseacs's Gadget Emporium.
  5347 | D:6      | Found a staircase to the Ecumenical Temple.
  5612 | D:7      | Noticed a hippogriff
  5621 | D:7      | Killed a hippogriff
  5621 | D:7      | Reached *** piety under Okawaru
  5658 | D:7      | Gained mutation: You passively map the area around you. [Deep Dwarf growth]
  5658 | D:7      | Reached XP level 9. HP: 42/79 MP: 7/7
  5714 | D:7      | Reached skill level 10 in Axes
  5905 | D:7      | Identified a scroll of acquirement
  6024 | D:7      | Reached **** piety under Okawaru
  6024 | D:7      | Reached skill level 5 in Fighting
  6054 | D:7      | Found a basalt altar of Yredelemnul.
  6931 | D:8      | Reached ***** piety under Okawaru
  6950 | D:8      | Reached XP level 10. HP: 51/88 MP: 6/6
  6982 | D:8      | Received a gift from Okawaru
  7431 | D:9      | Gained mutation: You are robust. (+10% HP) [potion of beneficial mutation]
  7481 | D:9      | Found a sparkling altar of Nemelex Xobeh.
  7509 | D:9      | Found a sacrificial altar of Ru.
  7531 | D:9      | Noticed a death yak
  7532 | D:9      | Noticed jujuben's ghost (journeyman HOFi)
  7533 | D:9      | Found a staircase to the Lair.
  7599 | D:9      | Killed jujuben's ghost
  7599 | D:9      | Reached skill level 1 in Invocations
  7635 | D:9      | Killed a death yak
  7748 | D:9      | Received a gift from Okawaru
  7751 | D:9      | Got a fine shadow dragon armour {god gift}
  7762 | D:9      | Identified the +0 shadow dragon armour "Uleneti" {MR+ Stlth++++} (Okawaru gifted it to you on level 9 of the Dungeon)
  7803 | D:9      | Found Lylazxoq's Assorted Antiques.
  7812 | D:9      | Bought a pair of embroidered boots for 108 gold pieces
  7812 | D:9      | Bought a small cabochon ring for 120 gold pieces
  7812 | D:9      | Bought a sedimented blue potion for 21 gold pieces
  7927 | D:9      | Found Ocozoadd's Food Emporium.
  8038 | D:9      | Found Ryomuoci's Magic Scroll Shop.
  8042 | D:9      | Bought a scroll of enchant weapon for 105 gold pieces
  8103 | D:9      | Noticed an obsidian statue
  8158 | D:10     | Entered Level 10 of the Dungeon
  8161 | D:10     | Noticed a deep elf mage
  8179 | D:10     | Killed a deep elf mage
  8179 | D:10     | Reached XP level 11. HP: 39/106 MP: 2/5
  8324 | D:10     | Found Boercha's Armour Shop.
  8465 | D:10     | Found a shadowy altar of Dithmenos.
  8707 | D:10     | Found Uttuxt's Book Shoppe.
  9040 | D:11     | Noticed a hill giant
  9054 | D:11     | Killed a hill giant
  9933 | D:11     | Found a roughly hewn altar of Beogh.
  9933 | D:11     | Found a staircase to the Orcish Mines.
 10781 | D:12     | Noticed Urug
 10805 | D:12     | Killed Urug
 11001 | D:12     | Noticed a deep elf mage
 11013 | D:12     | Killed a deep elf mage
 11218 | D:13     | Found a labyrinth entrance.
 11218 | D:13     | Noticed Snorg
 11244 | D:13     | Killed Snorg
 11244 | D:13     | Reached skill level 5 in Invocations
 11272 | Lab      | Entered a labyrinth
 11897 | Lab      | Noticed a minotaur
 11936 | Lab      | Killed a minotaur
 11936 | Lab      | Reached ****** piety under Okawaru
 11936 | Lab      | Reached XP level 12. HP: 47/119 MP: 4/6
 11997 | D:13     | Noticed a centaur warrior
 12018 | D:13     | Killed a centaur warrior
 12018 | D:13     | Reached skill level 10 in Shields
 12125 | D:13     | Found a flickering gateway to a bazaar.
 12157 | Bazaar   | Entered a bazaar
 12160 | Bazaar   | Found Seygh's Armour Shop.
 12173 | Bazaar   | Found Icim's Armour Shop.
 12195 | Bazaar   | Found Maaclyso's Food Boutique.
 12224 | Bazaar   | Found Tegiegub's Distillery.
 12229 | Bazaar   | Bought a potion of ambrosia for 104 gold pieces
 12291 | D:13     | Noticed a centaur warrior
 12302 | D:13     | Killed a centaur warrior
 12491 | D:13     | Received a gift from Okawaru
 12495 | D:13     | Reached skill level 10 in Armour
 12830 | D:13     | Noticed a seven-headed hydra
 12831 | D:13     | Noticed a vault guard
 12853 | D:13     | Killed a one-headed hydra
 12880 | D:13     | Killed a vault guard
 12891 | D:13     | Gained mutation: You have very sharp teeth. [mutagenic meat]
 12912 | D:13     | Found a gate to the Vaults.
 13206 | D:14     | Gained mutation: You evolve. [mutagenic meat]
 13209 | D:14     | Gained mutation: Your muscles are strong. (Str +2) [mutagenic meat]
 13212 | D:14     | Gained mutation: You have a pair of small antennae on your head. [mutagenic meat]
 13215 | D:14     | Gained mutation: You are partially covered in iridescent scales. (AC +2) [mutagenic meat]
 13218 | D:14     | Gained mutation: You are partially covered in yellow scales. (AC +2) [mutagenic meat]
 13230 | D:14     | Noticed a tengu warrior
 13266 | D:14     | Reached XP level 13. HP: 54/129 MP: 1/8
 13687 | D:14     | Received a gift from Okawaru
 13917 | D:14     | Received a gift from Okawaru
 13934 | D:14     | Got a pair of faintly glowing gloves {god gift}
 13945 | D:14     | Identified the +0 pair of gloves of Resilience {Regen+ Dex+6} (Okawaru gifted it to you on level 14 of the Dungeon)
 14167 | D:14     | Found a glowing golden altar of the Shining One.
 14220 | D:15     | Entered Level 15 of the Dungeon
 14247 | D:15     | Reached skill level 5 in Stealth
 14502 | D:15     | Noticed Josephine
 14523 | D:15     | Killed Josephine
 15049 | D:15     | Found a staircase to the Depths.
 15063 | D:15     | Noticed a minotaur
 15063 | D:15     | a tyrant leech changed into a minotaur
 15075 | D:15     | Killed a minotaur
 15075 | D:15     | Received a gift from Okawaru
 15075 | D:15     | Reached skill level 10 in Invocations
 15103 | D:15     | Got an iridescent broad axe {god gift}
 15104 | D:15     | Identified the +0 broad axe "Leviticus" {freeze, rN+ Stlth+} (Okawaru gifted it to you on level 15 of the Dungeon)
 15312 | Lair:1   | Entered Level 1 of the Lair of Beasts
 15403 | Lair:1   | Gained mutation: You resist negative energy. (rN+) [Deep Dwarf growth]
 15403 | Lair:1   | Reached XP level 14. HP: 72/143 MP: 9/9
 16660 | Lair:3   | Found a hole to the Spider Nest.
 16785 | Lair:3   | Reached skill level 10 in Fighting
 17043 | Lair:3   | Found a snail-covered altar of Cheibriados.
 17064 | Lair:3   | Received a gift from Okawaru
 17489 | Lair:4   | Found a staircase to the Swamp.
 17530 | Lair:4   | Gained mutation: Your movements are slightly less encumbered by armour. (ER -2) [evolution]
 17555 | Lair:4   | Lost mutation: You are partially covered in yellow scales. (AC +2) [potion of cure mutation]
 17555 | Lair:4   | Lost mutation: You are robust. (+10% HP) [potion of cure mutation]
 17555 | Lair:4   | Lost mutation: You are partially covered in iridescent scales. (AC +2) [potion of cure mutation]
 17555 | Lair:4   | Lost mutation: Your movements are slightly less encumbered by armour. (ER -2) [potion of cure mutation]
 17555 | Lair:4   | Lost mutation: Your muscles are strong. (Str +2) [potion of cure mutation]
 17556 | Lair:4   | Gained mutation: You are dopey. (Int -2) [potion of mutation]
 17556 | Lair:4   | Lost mutation: You evolve. [potion of mutation]
 17561 | Lair:4   | Found a sacrificial altar of Ru.
 18327 | Lair:5   | Received a gift from Okawaru
 18395 | Lair:5   | Found a hide-covered altar of Uskayaw.
 18444 | Lair:3   | Got a transparent war axe {god gift}
 18445 | Lair:3   | Identified the +2 war axe of Defiance {speed, rN+ Dex+6} (Okawaru gifted it to you on level 3 of the Lair of Beasts)
 18490 | Lair:5   | Found a viscous altar of Jiyva.
 18490 | Lair:5   | Found a staircase to the Slime Pits.
 18889 | Lair:5   | Gained mutation: Your muscles are strong. (Str +2) [potion of beneficial mutation]
 19135 | Orc:1    | Entered Level 1 of the Orcish Mines
 19138 | Orc:1    | Noticed an orc warlord
 19187 | Orc:1    | Killed an orc warlord
 19353 | Orc:2    | Entered Level 2 of the Orcish Mines
 19627 | Orc:2    | Found Zoaxt's Food Emporium.
 19629 | Orc:2    | Found Deseheygi's Distillery.
 19653 | Orc:2    | Received a gift from Okawaru
 19699 | Orc:2    | Reached XP level 15. HP: 63/141 MP: 4/10
 19749 | Orc:2    | Got a scorched mottled dragon armour {god gift}
 19750 | Orc:2    | Identified the +2 mottled dragon armour of Sloth {rF+ Slay+4} (Okawaru gifted it to you on level 2 of the Orcish Mines)
 19793 | Orc:2    | Bought 2 potions of heal wounds for 150 gold pieces
 19793 | Orc:2    | Bought a potion of ambrosia for 120 gold pieces
 19873 | Orc:2    | Reached skill level 15 in Axes
 20252 | Orc:2    | Noticed Rupert
 20277 | Orc:2    | Killed Rupert
 20297 | Orc:2    | Noticed Erolcha
 20308 | Orc:2    | Killed Erolcha
 20465 | Orc:2    | Found a staircase to the Elven Halls.
 20693 | Orc:2    | Found Goategosch's Book Boutique.
 20693 | Orc:2    | Found Vumeoch's Antique Armour Shop.
 20693 | Orc:2    | Found a one-way gate leading to the halls of Pandemonium.
 21028 | Swamp:1  | Entered Level 1 of the Swamp
 21166 | Swamp:1  | Noticed Kirke
 21182 | Swamp:1  | Reached skill level 15 in Shields
 21198 | Swamp:1  | HP: 2/142 [lindwurm/blast of flame[Kirke] (32)]
 21199 | Swamp:1  | Slain by a lindwurm

Vault maps used:
D:1:      minmay_arrival_floating_metal
D:2:      minmay_diamond_boxcup, eat_drink_and_be_merry_uskayaw,
          okawaru_trees_2, kiku_gazebo_pond_becter
D:3:      cheibrodos_ashenzari_chains, kennysheep_doodads
D:4:      grunt_temple_overflow_open, minmay_misc_feat_tower
D:5:      bloody_trog, lemuel_crystal_altar, first_bread
D:6:      serial_shops, nicolae_shop_stone
D:7:      kennysheep_windowed_halls, basic_altar, the_bakery
D:9:      lemuel_doored_altar, nemelex_xobeh_ov_fountains_minmay,
          dpeg_lair_monsters, serial_gnoll_camp, gnoll_camp_mini_shop,
          gnoll_camp_mini_shop, gnoll_camp_mini_sergeant,
          gnoll_camp_mini_loothouse, gnoll_camp_mini_shop, gnoll_camp_mini_shop,
          minmay_misc_feat_plants, grunt_ministairs_6, minivault_15
D:10:     serial_shops, shop, shop, nicolae_dithmenos_the_darkroom
D:11:     david_orc_5
D:12:     uniq_urug
D:13:     david_vaults_5, lab_entry_generic, serial_shops, bzr_entry_gold,
          uniq_snorg
D:14:     tso_altar
D:15:     gammafunk_enter_depths_forms, glass_columns_b, uniq_josephine,
          uniq_sonja
Lair:2:   serial_bayou_pond_d, patterned_corridor
Lair:3:   nicolae_spider_entry_tight_spaces, special_room, lemuel_oklob_altar,
          grunt_megastairs_3
Lair:4:   swamp_mist, basic_altar, serial_bayou_shore_a, lemuel_fruit_fields,
          serial_bayou_shore_b
Lair:5:   slime_altar_1, basic_altar, eino_small_chamber_without_monster,
          roderic_batcave, kennysheep_basilisk_garden
Swamp:1:  evilmike_swamp_ruin_rubble_2, uniq_kirke
Orc:2:    pf_orc_diabolical, uniq_rupert, uniq_erolcha
Lab:      nicolae_lab_dead_adventurers, nicolae_lab_garden,
          nicolae_lab_starburst
Bazaar:   bazaar_jpeg_honeycomb

Skill      XL: |  1  2  3  4  5  6  7  8  9 10 11 12 13 14 15 |
---------------+----------------------------------------------+-----
Fighting       | 3 4 5 6 7 8 9 11 | 11.4
Axes           | 3 4 5 6 7 9 12 13 14 15 | 15.6
Shields        | 4 5 6 7 8 9 11 13 14 15 | 15.0
Armour         | 4 5 6 7 9 10 11 12 | 12.6
Stealth        | 1 3 4 5 7 |  7.1
Invocations    | 2 5 7 10 11 | 11.4
Dodging        | |  0.2

Action                   |  1- 3 |  4- 6 |  7- 9 | 10-12 | 13-15 || total
-------------------------+-------+-------+-------+-------+-------++-------
Melee: War axe           |    95 |   176 |       |       |   614 ||   885
       Hand axe          |       |    36 |   735 |   997 |   823 ||  2591
       Bite              |       |       |       |     9 |   310 ||   319
       Unarmed           |       |       |       |       |     4 ||     4
Throw: Javelin           |       |       |       |       |     2 ||     2
Invok: Heroism           |       |       |     4 |    13 |    12 ||    29
       Finesse           |       |       |       |     5 |     9 ||    14
 Abil: Device Recharging |       |       |     4 |     6 |     3 ||    13
Evoke: Wand              |       |     8 |    13 |    25 |    39 ||    85
  Use: Scroll            |     2 |     9 |    14 |    17 |    14 ||    56
       Potion            |     2 |     6 |     3 |    14 |    14 ||    39
 Stab: Sleeping          |       |       |       |    14 |    26 ||    40
       Distracted        |       |       |       |     1 |     3 ||     4
  Eat: Chunk             |     1 |     4 |     6 |     6 |       ||    17
       Pizza             |       |     1 |       |       |     2 ||     3
       Bread ration      |       |       |     4 |     3 |     5 ||    12
       Meat ration       |       |       |     1 |     1 |       ||     2
       Royal jelly       |       |       |     1 |       |       ||     1
Armor: Scale mail        |    45 |    95 |     8 |       |       ||   148
       Ring mail         |       |       |   183 |       |       ||   183
       Plate armour      |       |       |    69 |    68 |       ||   137
       Shadow dragon arm |       |       |       |   376 |   429 ||   805
Dodge: Dodged            |    26 |    70 |   175 |   175 |   248 ||   694
Block: Shield            |    62 |   119 |   283 |   448 |   680 ||  1592
       Buckler           |       |       |    18 |       |       ||    18
